Map: Catallena LE (Void)

Players

SamuraiFunn - Winner!

  • Race: Protoss Protoss
  • Spawn Location: 5:00

A.I. 1 (Harder)

  • Race: Protoss Protoss
  • Spawn Location: 12:00

VOD

Have the link to the VOD?

Description

Time

  • Played on: Oct. 29, 2017, 1:44 p.m.
  • Length: 17:33
Show
View Real Time Build Order
Export as new Build Order

SamuraiFunn Protoss - Winner!

Build Orders:  

Get SALT Encoding   

  12  0:02  Probe (Chrono Boost)  
  13  0:12  Probe (Chrono Boost)  
  14  0:21  Pylon  
  14  0:24  Probe (Chrono Boost)  
  15  0:39  Probe (Chrono Boost)  
  15  0:40  Gateway  
  16  0:53  Probe (Chrono Boost)  
  17  1:01  Gateway  
  17  1:04  Probe (Chrono Boost)  
  18  1:07  Assimilator  
  18  1:14  Probe (Chrono Boost)  
  19  1:33  Probe (Chrono Boost)  
  19  1:36  Pylon  
  19  1:38  Zealot  
  22  1:44  Probe (Chrono Boost), Assimilator  
  23  1:54  Zealot  
  25  2:01  Cybernetics Core  
  25  2:03  Forge  
  25  2:13  Probe (Chrono Boost)  
  26  2:24  Probe (Chrono Boost)  
  27  2:33  Nexus  
  26  3:02  Probe (Chrono Boost)  
  26  3:05  Adept x2  
  29  3:08  Protoss Ground Weapons Level 1  
  31  3:15  Pylon  
  31  3:32  Pylon  
  31  3:34  Probe (Chrono Boost)  
  32  3:44  Probe (Chrono Boost)  
  33  3:49  Adept x2  
  37  4:00  Gateway  
  37  4:05  Probe (Chrono Boost)  
  37  4:08  Assimilator  
  37  4:09  Probe (Chrono Boost)  
  39  4:10  Assimilator  
  39  4:16  Probe (Chrono Boost), Adept x2  
  44  4:40  Nexus  
  44  4:41  Probe x2 (Chrono Boost)  
  44  4:43  Adept  
  48  4:48  Adept  
  50  4:55  Probe x2 (Chrono Boost)  
  52  5:02  Protoss Ground Armor Level 1  
  52  5:11  Adept x2  
  56  5:20  Stalker  
  53  5:38  Stalker  
  41  5:59  Adept x2  
  41  6:08  Adept  
  39  6:26  Zealot x2  
  39  6:28  Gateway  
  43  6:38  Probe (Chrono Boost)  
  44  6:45  Probe (Chrono Boost)  
  45  6:49  Probe (Chrono Boost)  
  46  6:55  Probe (Chrono Boost)  
  46  6:59  Probe (Chrono Boost)  
  48  7:06  Probe (Chrono Boost)  
  49  7:12  Stalker x3  
  55  7:22  Zealot  
  57  7:28  Pylon  
  57  7:30  Protoss Shields Level 1  
  57  7:42  Zealot  
  59  7:52  Twilight Council  
  60  8:05  Probe (Chrono Boost)  
  60  8:12  Probe (Chrono Boost)  
  61  8:16  Probe (Chrono Boost)  
  61  8:17  Assimilator  
  61  8:18  Zealot x4  
  61  8:19  Assimilator  
  70  8:22  Probe (Chrono Boost)  
  71  8:31  Stargate  
  71  8:32  Stargate  
  71  8:33  Probe (Chrono Boost)  
  72  8:42  Stargate  
  72  8:43  Probe (Chrono Boost)  
  72  8:46  Charge  
  73  8:49  Zealot x4  
  73  8:54  Probe (Chrono Boost)  
  82  9:04  Probe (Chrono Boost)  
  81  9:15  Probe (Chrono Boost)  
  81  9:16  Zealot x2  
  78  9:21  Stalker  
  78  9:22  Stalker  
  72  9:25  Probe (Chrono Boost)  
  71  9:36  Probe (Chrono Boost)  
  72  9:43  Zealot, Stalker  
  76  9:46  Probe (Chrono Boost)  
  76  9:48  Void Ray x2  
  85  10:28  Pylon  
  85  10:30  Pylon  
  85  10:33  Pylon  
  85  10:36  Pylon  
  85  10:39  Protoss Air Armor Level 1, Pylon, Protoss Shields Level 2  
  85  10:46  Zealot x4  
  85  10:48  Void Ray  
  97  11:04  Void Ray x2  
  105  11:13  Zealot x4  
  105  11:16  Pylon  
  113  11:31  Void Ray  
  117  11:40  Pylon  
  117  11:41  Adept x3  
  117  11:42  Adept  
  117  11:44  Pylon  
  125  11:50  Pylon  
  125  11:58  Gateway  
  125  11:59  Gateway  
  125  12:01  Gateway  
  125  12:15  Nexus  
  125  12:19  Void Ray  
  129  12:38  Stalker x4  
  137  12:55  Protoss Ground Weapons Level 2  
  137  12:56  Probe (Chrono Boost)  
  136  13:17  Pylon  
  124  13:35  Void Ray  
  124  13:36  Void Ray x2  
  124  13:39  Zealot  
  124  13:40  Zealot x3  
  144  14:06  Stalker  
  144  14:07  Stalker x2  
  134  14:23  Void Ray x3  
  134  15:11  Protoss Ground Armor Level 2  
  132  15:30  Void Ray  
  132  15:31  Void Ray x2  
  132  15:34  Stalker x4  
  145  15:43  Stalker x3  
  145  16:04  Stalker x3  
  149  16:49  Void Ray x3  
Show
View Real Time Build Order
Export as new Build Order

A.I. 1 (Harder) Protoss 

Build Orders:  

Get SALT Encoding   

  12  0:01  Probe (Chrono Boost)  
  13  0:11  Probe (Chrono Boost)  
  14  0:20  Pylon  
  14  0:22  Probe (Chrono Boost)  
  15  0:38  Probe (Chrono Boost)  
  15  0:40  Gateway  
  16  0:47  Assimilator  
  16  0:48  Probe (Chrono Boost)  
  17  0:59  Probe (Chrono Boost)  
  17  1:02  Pylon  
  18  1:10  Probe (Chrono Boost)  
  19  1:22  Probe (Chrono Boost)  
  20  1:26  Zealot  
  20  1:32  Cybernetics Core  
  22  1:43  Gateway  
  22  1:48  Assimilator  
  22  2:02  Pylon  
  22  2:07  Adept  
  22  2:12  Warp Gate  
  24  2:33  Adept  
  24  2:34  Zealot  
  28  2:42  Pylon  
  28  3:00  Stalker, Adept  
  32  3:08  Probe (Chrono Boost)  
  33  3:16  Pylon  
  33  3:19  Probe (Chrono Boost)  
  36  3:27  Adept  
  36  3:28  Adept  
  36  3:31  Probe (Chrono Boost)  
  39  3:37  Forge  
  39  3:43  Probe (Chrono Boost)  
  40  3:53  Adept  
  40  3:54  Probe (Chrono Boost)  
  40  3:55  Adept  
  45  4:06  Probe (Chrono Boost)  
  46  4:39  Protoss Ground Weapons Level 1  
  46  4:44  Stalker  
  48  4:45  Gateway  
  48  4:50  Pylon  
  48  4:52  Stalker  
  50  5:04  Nexus  
  50  5:06  Sentry  
  52  5:14  Zealot  
  54  5:26  Pylon  
  54  5:29  Stalker  
  56  5:37  Stalker  
  58  5:45  Stalker  
  56  5:50  Twilight Council  
  56  5:53  Zealot  
  50  6:03  Zealot  
  50  6:11  Zealot  
  50  6:17  Probe x2 (Chrono Boost)  
  52  6:20  Blink  
  52  6:27  Protoss Ground Armor Level 1  
  52  6:28  Probe (Chrono Boost)  
  52  6:29  Probe (Chrono Boost)  
  50  6:33  Adept  
  53  6:40  Probe (Chrono Boost)  
  53  6:41  Probe (Chrono Boost)  
  53  6:44  Stalker  
  56  6:51  Probe (Chrono Boost)  
  56  6:52  Stalker  
  60  6:54  Probe (Chrono Boost)  
  60  7:00  Sentry  
  62  7:03  Probe (Chrono Boost)  
  62  7:05  Probe (Chrono Boost)  
  64  7:09  Robotics Facility  
  64  7:12  Adept  
  67  7:15  Probe (Chrono Boost)  
  67  7:18  Probe (Chrono Boost)  
  68  7:27  Photon Cannon, Probe (Chrono Boost)  
  68  7:29  Probe (Chrono Boost)  
  70  7:37  Photon Cannon  
  70  7:38  Probe (Chrono Boost)  
  70  7:41  Probe (Chrono Boost)  
  70  7:42  Pylon  
  72  7:47  Pylon  
  72  7:49  Probe (Chrono Boost)  
  73  7:53  Probe (Chrono Boost)  
  73  7:56  Stargate  
  73  7:57  Observer  
  75  8:01  Probe (Chrono Boost)  
  75  8:03  Forge  
  76  8:06  Photon Cannon  
  76  8:10  Photon Cannon  
  76  8:16  Observer  
  77  8:30  Assimilator  
  77  8:34  Assimilator  
  77  8:35  Void Ray  
  77  8:44  Gateway  
  77  8:46  Robotics Facility  
  81  8:51  Stargate  
  81  8:54  Nexus  
  81  9:05  Robotics Bay  
  79  9:13  Warp Prism  
  67  9:29  Warp Prism  
  65  9:33  Gateway  
  67  9:41  Stargate  
  67  9:46  Warp Prism  
  67  9:49  Zealot  
  71  9:58  Sentry  
  73  10:04  Observer, Void Ray  
  74  10:12  Void Ray  
  78  10:19  Assimilator  
  82  10:21  Colossus  
  88  10:30  Colossus  
  94  10:35  Assimilator  
  95  10:43  Probe (Chrono Boost)  
  95  10:46  Probe (Chrono Boost)  
  95  10:48  Probe (Chrono Boost)  
  97  10:54  Probe (Chrono Boost)  
  97  10:57  Probe (Chrono Boost)  
  99  11:00  Fleet Beacon  
  99  11:08  Protoss Ground Weapons Level 2, Probe (Chrono Boost)  
  99  11:10  Probe (Chrono Boost), Pylon  
  101  11:12  Probe (Chrono Boost)  
  102  11:19  Probe (Chrono Boost)  
  102  11:20  Protoss Ground Armor Level 2  
  102  11:21  Probe (Chrono Boost)  
  102  11:23  Probe (Chrono Boost)  
  105  11:30  Probe (Chrono Boost)  
  106  11:33  Pylon  
  106  11:34  Probe (Chrono Boost)  
  106  11:36  Probe (Chrono Boost)  
  106  11:37  Carrier  
  108  11:41  Probe (Chrono Boost)  
  115  11:55  Observer Gravitic Boosters  
  115  12:04  Pylon  
  115  12:05  Protoss Air Weapons Level 1  
  115  12:07  Pylon  
  115  12:11  Nexus  
  115  12:27  Photon Cannon  
  115  12:29  Photon Cannon  
  115  12:34  Zealot  
  115  12:36  Templar Archives  
  117  12:43  Zealot  
  119  12:48  Gravitic Drive, Zealot  
  121  12:55  Immortal  
  125  13:04  Sentry  
  127  13:08  Immortal  
  131  13:14  High Templar  
  131  13:15  Pylon  
  131  13:17  Protoss Shields Level 1  
  131  13:19  Stalker  
  125  13:24  Sentry  
  97  13:29  Zealot  
  99  13:34  Stalker  
  99  13:35  Assimilator  
  99  13:36  Colossus  
  99  13:37  Assimilator  
  107  13:45  High Templar  
  107  13:46  Psionic Storm  
  109  13:50  Stalker  
  109  13:53  Protoss Air Armor Level 1  
  111  13:58  Stalker  
  111  14:02  Probe (Chrono Boost), Stalker  
  111  14:05  Probe (Chrono Boost), Stalker  
  111  14:06  Probe (Chrono Boost)  
  84  14:12  Zealot  
  84  14:15  Stalker  
  62  14:20  Zealot  
  62  14:22  Zealot  
  65  14:28  High Templar  
  65  14:30  Zealot  
  69  14:32  Probe (Chrono Boost)  
  69  14:37  Mothership Core (Chrono Boost)  
  72  14:38  Sentry  
  72  14:39  Stalker  
  72  14:44  High Templar  
  76  14:48  Immortal  
  76  14:52  Probe (Chrono Boost)  
  72  14:54  Zealot  
  53  15:00  High Templar  
  53  15:05  Zealot  
  46  15:11  Zealot  
  33  15:16  High Templar  
  35  15:24  Nexus  
  35  15:26  Stalker  
  29  15:53  Pylon  
  25  15:57  Pylon  
  15  17:05  Nexus  
Tags
 
Matchup
PvP
Replay Pack
First 100 games
Spawn Locations
Cross Positions
Add a new tag
Caveats
  • Supply blocks, unpowered buildings, or Contaminate may cause inaccurate times.
  • Supply counts are checked every 10 seconds.